 Dungeon Crawl Stone Soup version 0.21.1-1-g345015f (webtiles) character file.

234 inc the Changer (level 6, -2/38 HPs)
             Began as an Octopode Transmuter on June 11, 2018.
             Killed from afar by an orc wizard (11 damage)
             ... with a magic dart
             ... on level 3 of the Dungeon.
             The game lasted 00:02:46 (3133 turns).

inc the Changer (Octopode Transmuter)               Turns: 3133, Time: 00:02:46

Health: -2/38      AC:  1    Str: 10    XL:     6   Next: 5%
Magic:  18/18      EV: 14    Int: 17    God:
Gold:   124        SH:  0    Dex: 12    Spells: 8/9 levels left

rFire    . . .     SeeInvis +     - Unarmed
rCold    . . .     Gourm    .   (no shield)
rNeg     . . .     Faith    .   (helmet restricted)
rPois    .         Spirit   .   (no amulet)
rElec    .         Reflect  .   k - ring of see invisible
rCorr    .         Harm     .   m - ring of magical power
MR       .....                  (no ring)
Stlth    ++........             (no ring)
HPRegen  0.12/turn              (no ring)
MPRegen  0.16/turn              (no ring)
                                (no ring)
                                (no ring)

@: no status effects
A: almost no armour, stealthy swim, amphibious, 8 rings, constrict 8, camouflage
1, gelatinous body 1
a: no special abilities


You were on level 3 of the Dungeon.
You were not hungry.

You visited 1 branch of the dungeon, and saw 3 of its levels.

You collected 124 gold pieces.

Inventory:

Missiles
 a - 55 arrows
Jewellery
 k - a ring of see invisible (left tentacle)
 m - a ring of magical power (right tentacle)
Wands
 p - a wand of disintegration (10)
Scrolls
 d - 2 scrolls of identify {unknown}
 e - 2 scrolls of magic mapping {unknown}
 f - 3 scrolls of amnesia {unknown}
 h - 2 scrolls of noise {unknown}
 j - a scroll of blinking {unknown}
 l - a scroll of fog {unknown}
 n - a scroll of teleportation {unknown}
 o - 3 scrolls of remove curse {unknown}
Potions
 i - a potion of curing {unknown}
Books
 b - a book of Changes

   Spells                             Type                      Level
   a - Beastly Appendage              Transmutation                1
   b - Sticks to Snakes               Transmutation                2
   c - Spider Form                    Transmutation/Poison         3
   d - Ice Form                       Ice/Transmutation            4
   e - Blade Hands                    Transmutation                5
Comestibles
 c - 4 rations


   Skills:
 - Level 1.0 Fighting
 - Level 2.6 Dodging
 - Level 3.0 Unarmed Combat
 - Level 2.0 Spellcasting
 + Level 5.8 Transmutations


You had 8 spell levels left.
You knew the following spells:

 Your Spells              Type           Power        Failure   Level  Hunger
a - Beastly Appendage     Tmut           ###...       1%          1    #......


Dungeon Overview and Level Annotations

Branches:
Dungeon (3/15)

Altars:
Cheibriados
Elyvilon
Ru
Vehumet


Innate Abilities, Weirdness & Mutations

You cannot wear most types of armour.
You are very stealthy in the water. (Stealth+)
You are amphibious.
You can wear up to eight rings at the same time.
You can use your tentacles to constrict eight enemies at once.
Your skin changes colour to match your surroundings (Stealth+).
Your rubbery body absorbs attacks. (AC +1, EV +1)


Message History

Your grab misses the orc wizard. Your squeeze misses the orc wizard.
The crimson imp grins evilly.
The crimson imp hits you but does no damage.
The orc wizard gestures at you while chanting.
The puff of flame hits you!
An orc comes into view. It is wielding a short sword.
You barely miss the orc wizard. Your grab misses the orc wizard.
You squeeze the orc wizard.
The orc wizard is lightly wounded.
The crimson imp hits you.
* * * LOW HITPOINT WARNING * * *
The orc wizard barely misses you.
Unknown command.
You tentacle-slap the orc wizard. You grab the orc wizard.
You squeeze the orc wizard.
The orc wizard is heavily wounded.
You constrict the orc wizard. The crimson imp barely misses you.
The orc wizard gestures at you while chanting.
The magic dart hits you!
You die...

## ##### ### oo
.......... #. #......##.
#.###.# #..##.#
..##.....# #..##.##
......o@5###.#<...######
#.######.†....#.#.......
.........)..###..######
#######......#.........
#.....#.#########
###.##### #.# #.# #.#


You could see an orc wizard, a crimson imp and 2 orcs.

Vanquished Creatures
  An orc wizard (D:3)
  2 worker ants (D:2)
  8 adders
  3 worms
  2 dart slugs
  4 leopard geckos
  6 orcs (D:3)
  A ball python (D:1)
  9 bats
  A giant cockroach (D:1)
  10 hobgoblins
  4 jackals (D:2)
  5 kobolds
  2 quokkas (D:2)
  4 frilled lizards
  A goblin (D:1)
  8 rats
71 creatures vanquished.

Notes
Turn   | Place    | Note
-------+----------+-------------------------------------------
     0 | D:1      | inc the Octopode Transmuter began the quest for the Orb.
     0 | D:1      | Reached XP level 1. HP: 13/13 MP: 3/3
   111 | D:1      | Reached XP level 2. HP: 10/18 MP: 5/5
   698 | D:1      | Reached XP level 3. HP: 22/23 MP: 6/6
   707 | D:1      | Reached skill level 3 in Transmutations
  1855 | D:2      | Reached XP level 4. HP: 13/28 MP: 7/7
  2144 | D:2      | Reached skill level 4 in Transmutations
  2206 | D:2      | Found a faded altar of an unknown god.
  2329 | D:2      | Reached XP level 5. HP: 29/33 MP: 8/8
  2368 | D:2      | Reached skill level 5 in Transmutations
  2671 | D:3      | Found a white marble altar of Elyvilon.
  2671 | D:3      | Found a radiant altar of Vehumet.
  2791 | D:3      | Found a snail-covered altar of Cheibriados.
  2796 | D:3      | Found a sacrificial altar of Ru.
  3119 | D:3      | Reached XP level 6. HP: 29/38 MP: 9/9
  3133 | D:3      | Killed from afar by an orc wizard

Skill      XL: |  1  2  3  4  5 |
---------------+----------------+-----
Transmutations | 3 4 5 |  5.8
Fighting       | |  1.0
Dodging        | |  2.6
Unarmed Combat | |  3.0
Spellcasting   | |  2.0

Action                   |  1- 3 |  4- 6 || total
-------------------------+-------+-------++-------
Melee: Unarmed           |    78 |   121 ||   199
       Constrict         |    24 |    30 ||    54
       Tentacles         |    14 |    21 ||    35
       Punch             |     1 |     1 ||     2
       Kick              |       |    15 ||    15
 Cast: Beastly Appendage |       |     6 ||     6
  Use: Potion            |       |     2 ||     2
 Stab: Sleeping          |     6 |     4 ||    10
       Distracted        |       |     1 ||     1
  Eat: Chunk             |     3 |     4 ||     7
Armor: Skin              |     8 |     9 ||    17
Dodge: Dodged            |    48 |    84 ||   132
